 Dungeon Crawl Stone Soup version 0.27-a0-1296-g8ece459b43 (webtiles) character file.

Game seed: 17485486757712030867

184633 HAL9000 the Unseen (level 18, -1/86 HPs)
             Began as a Vine Stalker Brigand on June 16, 2021.
             Was the Champion of Uskayaw.
             Succumbed to a redback's poison
             ... on level 2 of the Spider Nest.
             The game lasted 01:40:48 (29940 turns).

HAL9000 the Unseen (Vine Stalker Brigand)          Turns: 29940, Time: 01:40:49

Health: -1/86      AC:  8    Str: 26    XL:     18   Next: 41%
Magic:  2/26       EV: 11    Int: 16    God:    Uskayaw [******]
Gold:   365        SH: 19    Dex: 21    Spells: 12/27 levels left

rFire    . . .     SeeInvis +   v - +2 demon blade (flame)
rCold    + . .     Faith    +   y - +5 kite shield of Nemelex Xobeh's Pride {rN+ Str+2}
rNeg     + . .     Spirit   +   G - +5 plate armour of the Wasteland {SInv}
rPois    +         Reflect  .   H - +0 helmet {SInv}
rElec    .         Harm     .   c - +0 cloak
rCorr    .         Rampage  .   k - +3 pair of gloves of Benevolence {rC+ Int+3 Dex+4 SInv}
Will     ++...                  T - +2 pair of boots {Fly}
Stlth    ++........             a - amulet "Gilem" {Faith rPois Str+7}
HPRegen  1.24/turn              j - ring of poison resistance
MPRegen  0.20/turn              M - +4 ring of evasion

@: lethally poisoned (-1 -> -12), corroded, flying, studying 2 skills
A: fangs 3, regeneration 1, magic shield, antimagic bite, no potion heal 2,
clumsy 1
a: Renounce Religion, Stomp, Line Pass, Grand Finale


You were on level 2 of the Spider Nest.
You worshipped Uskayaw.
Uskayaw was noncommittal.
You visited 5 branches of the dungeon, and saw 26 of its levels.
You also visited: Bailey.

You collected 2274 gold pieces.
You spent 1909 gold pieces at shops.

Inventory:

Hand Weapons
 b - the +11 falchion "Tidey" {flame, *Rage +Blink rElec Str+9}
   (You found it on level 3 of the Lair of Beasts)

   It has been specially enchanted to burn those struck by it, causing extra
   injury to most foes and up to half again as much damage against particularly
   susceptible opponents.
   Big, fiery blades are also staple armaments of hydra-hunters.
   It affects your strength (+9).
   It insulates you from electricity.
   It lets you blink.
   It may make you go berserk in combat.
 v - a +2 demon blade of flaming (weapon)
Missiles
 d - 78 poisoned darts (quivered)
 u - 5 javelins
 C - 2 curare-tipped darts
Armour
 c - a +0 cloak (worn)
 k - the +3 pair of gloves of Benevolence (worn) {rC+ Int+3 Dex+4 SInv}
   (You acquired it on level 1 of the Lair of Beasts)

   It affects your intelligence (+3).
   It affects your dexterity (+4).
   It protects you from cold.
   It lets you see invisible.
 y - the +5 kite shield of Nemelex Xobeh's Pride (worn) {rN+ Str+2}
   (You found it on level 3 of the Lair of Beasts)

   It affects your strength (+2).
   It protects you from negative energy.
 G - the +5 plate armour of the Wasteland (worn) {SInv}
   (You bought it in a shop on level 3 of the Dungeon)

   It lets you see invisible.
 H - a +0 helmet of see invisible (worn)
 J - a +0 troll leather armour
 T - a +2 pair of boots of flying (worn)
Jewellery
 a - the amulet "Gilem" (around neck) {Faith rPois Str+7}
   (You acquired it on level 14 of the Dungeon)

   [amulet of faith]

   It allows you to gain divine favour quickly.
   It affects your strength (+7).
   It protects you from poison.
 h - a ring of positive energy
 j - a ring of poison resistance (left hand)
 M - a +4 ring of evasion (right hand)
 N - the amulet "Nylehufot" {Reflect Rampage rF+ Dex+4 SH+5 Stlth-}
   (You acquired it on level 6 of the Lair of Beasts)

   [amulet of reflection]

   It reflects blocked missile attacks.
   It affects your dexterity (+4).
   It protects you from fire.
   It affects your SH (+5).
   It bestows one free step when moving towards enemies.
   It makes you less stealthy.
Wands
 x - a wand of polymorph (12)
 R - a wand of iceblast (19)
 S - a wand of acid (15)
 V - a wand of mindburst (21)
 W - a wand of digging (13)
Scrolls
 f - 6 scrolls of vulnerability
 g - 2 scrolls of identify
 l - 7 scrolls of enchant weapon {unknown}
 m - 2 scrolls of silence {unknown}
 n - 2 scrolls of fog
 p - 4 scrolls of summoning
 r - 10 scrolls of teleportation
 s - 2 scrolls of fear
 t - a scroll of immolation {unknown}
 z - 2 scrolls of torment {unknown}
 D - 3 scrolls of holy word
 O - 2 scrolls of blinking {unknown}
 Q - 2 scrolls of brand weapon {unknown}
Potions
 e - 3 potions of brilliance
 i - 2 potions of magic
 o - 7 potions of attraction
 q - 3 potions of haste
 w - a potion of mutation
 A - 5 potions of berserk rage
 B - 8 potions of flight
 E - 3 potions of curing
 I - a potion of ambrosia
 K - a potion of lignification
 P - 2 potions of resistance
 Y - a potion of invisibility {unknown}
Miscellaneous
 X - a condenser vane


   Skills:
 - Level 6.0 Fighting
 - Level 10.1(12.8) Short Blades
 - Level 13.1(14.2) Long Blades
 + Level 9.6 Throwing
 - Level 7.4 Armour
 - Level 0.7 Dodging
 - Level 15.6 Stealth
 - Level 13.1 Shields
 - Level 5.0 Spellcasting
 - Level 5.4 Hexes
 - Level 5.0 Transmutations
 - Level 4.5 Air Magic
 - Level 5.2 Invocations


You had 12 spell levels left.
You knew the following spells:

 Your Spells              Type           Power      Damage    Failure   Level
a - Ensorcelled Hibernat  Hex/Ice        24%        N/A       71%         2
b - Confusing Touch       Hex            21%        N/A       56%         3
c - Tukima's Dance        Hex            21%        N/A       56%         3
d - Wereblood             Tmut           20%        N/A       38%         2
e - Swiftness             Air            18%        N/A       69%         3
f - Blink                 Tloc           N/A        N/A       97%         2

Your spell library contained the following spells:

 Spells                   Type           Power      Damage    Failure   Level
 Corona                   Hex            23%        N/A       22%         1
 Beastly Appendage        Tmut           40%        N/A       28%         1
 Slow                     Hex            21%        N/A       34%         2
 Sting                    Tmut/Pois      48%        1d5       61%         1
 Passwall                 Tmut/Erth      10%        N/A       75%         2
 Corpse Rot               Necr/Air       N/A        N/A       78%         2
 Poisonous Vapours        Pois/Air       22%        N/A       78%         2
 Animate Skeleton         Necr           8%         N/A       91%         1
 Magic Dart               Conj           16%        1d3       91%         1
 Pain                     Necr           16%        1d4       91%         1
 Dazzling Flash           Conj/Hex       24%        N/A       91%         3
 Spider Form              Tmut/Pois      6%         N/A       93%         3
 Call Imp                 Summ           4%         N/A       97%         2
 Ignite Poison            Fire/Tmut/Pois 9%         N/A       97%         3
 Mephitic Cloud           Conj/Pois/Air  8%         N/A       98%         3
 Conjure Flame            Conj/Fire      4%         6-21      100%        3
 Gell's Gravitas          Tloc           2%         N/A       100%        3
 Stone Arrow              Conj/Erth      8%         3d7       100%        3
 Vampiric Draining        Necr           2%         2d6       100%        3
 Animate Dead             Necr           2%         N/A       100%        4
 Ice Form                 Ice/Tmut       12%        N/A       100%        4
 Olgreb's Toxic Radiance  Pois           4%         N/A       100%        4
 Passage of Golubria      Tloc           N/A        N/A       100%        4
 Petrify                  Tmut/Erth      12%        N/A       100%        4
 Agony                    Necr           4%         N/A       100%        5
 Lee's Rapid Deconstruct  Erth           2%         3d5*      100%        5
 Metabolic Englaciation   Hex/Ice        6%         N/A       100%        5
 Summon Forest            Summ/Tloc      2%         N/A       100%        5
 Yara's Violent Unravell  Hex/Tmut       10%        3d6       100%        5
 Eringya's Noxious Bog    Tmut/Pois      6%         N/A       100%        6
 Invisibility             Hex            10%        N/A       100%        6
 Summon Hydra             Summ           2%         N/A       100%        7


Dungeon Overview and Level Annotations

Branches:
Dungeon (15/15)            Temple (1/1) D:6            Lair (6/6) D:9
 Shoals (0/4) Lair:3       Spider (2/4) Lair:2        Slime (0/5) Lair:5
    Orc (2/2) D:9             Elf (0/3) Orc:2        Vaults (0/5) D:14
 Depths (0/5) D:15         Bailey (visited)

Altars:
Ashenzari
Cheibriados
Dithmenos
Elyvilon
Fedhas
Gozag
Hepliaklqana
Kikubaaqudgha
Makhleb
Nemelex Xobeh
Okawaru
Qazlal
Ru
Sif Muna
Trog
Uskayaw
Vehumet
Wu Jian
Xom
Yredelemnul
Zin
The Shining One
Beogh
Jiyva

Shops:
D:1 [   D:3 *   D:8 (   D:9 (   D:14 (   Orc:2 !*([

Annotations:
D:7 3 runed translucent doors, Froggeryz's ghost, novice PaTm


Innate Abilities, Weirdness & Mutations

You have razor-sharp teeth.
Your natural rate of healing is unusually fast.
When hurt, damage is shared between your health and your magic reserves.
Your bite disrupts and absorbs the magic of your enemies.
Potions cannot restore your health.
You are clumsy. (Dex -2)


Message History

The jumping spider hisses angrily.
You bite the entropy weaver, but do no damage.
The entropy weaver is heavily wounded.
You block the entropy weaver's attack. The entropy weaver hits you!
The entropy weaver hits you. You block the entropy weaver's attack.
The jumping spider leaps!
The redback bites you.
You are poisoned.
The redback poisons you! The jumping spider pounces on you.
You are caught in a web!
The jumping spider bites you but does no damage.
The entropy weaver points at you and mumbles some strange words.
The entropic weave corrodes you!
You struggle to detach yourself from the web.
You feel extremely sick.
An entropy weaver comes into view.
The redback completely misses you.
The entropy weaver gestures at you while chanting.
The entropic weave corrodes you! The jumping spider pounces on you!
The jumping spider barely misses you.
The entropy weaver shouts!
You struggle to detach yourself from the web.
You feel very sick.
You hear an angry hiss.
The redback bites you!
The jumping spider leaps!
A redback comes into view.
The entropy weaver completely misses you.
The entropy weaver hits you!
* * * LOW HITPOINT WARNING * * *
The entropy weaver hits you but does no damage. x2
The redback bites you!
* * * LOW HITPOINT WARNING * * *
The entropy weaver hits you.
* * * LOW HITPOINT WARNING * * *
The entropy weaver hits you!
* * * LOW HITPOINT WARNING * * *
The entropy weaver hits you.
* * * LOW HITPOINT WARNING * * *
The entropy weaver hits you but does no damage.
The web tears apart.
You die...

####### ## #>#.#)# .
#..#.....#### .## s
###
#.......###.##..#B.s
###.#
#....##..#..s°.B..#
#...#
##.#.#...##.@B##...#
##... ######..#†...#
# ###. #....†.#.#
### ###. ##.†.†####
##.###.## ....#..=#
#^...#BB.
......#.#.#
##††^...#
#...#..#####
#..†.#..### ...##..
#....##..#. #.. .^.
#...#.###....


You could see 3 entropy weavers, a jumping spider and 2 redbacks.

Vanquished Creatures
  Arachne (Spider:2)
  Kirke (D:13)
  Louise (Spider:2)
  The ghost of Sunluic the Spear-Bearer, a journeyman DgFi (D:15)
  3 entropy weavers
  An ettin (D:15)
  Josephine (D:10)
  A rakshasa (D:14)
  2 boulder beetles
  8 hydras
  4 vault guards (D:14)
  An ogre mage (D:15)
  5 catoblepae
  2 centaur warriors
  2 tengu warriors (D:15)
  A death knight (D:15)
  17 death yaks
  10 two-headed ogres
  The ghost of Delamore the Spear-Bearer, a novice FoFi of Nemelex Xobeh (D:9)
  3 orc high priests (Orc:2)
  Sonja (D:13)
  6 skeletal warriors
  2 phantasmal warriors (D:15)
  A deep troll (D:15)
  A wizard (D:14)
  3 deep elf pyromancers
  10 orb spiders
  9 orc knights
  2 necromancers
  6 orc sorcerers
  31 ugly things
  8 cyclopes
  7 manticores
  13 wolf spiders
  2 moths of wrath
  Joseph (D:10)
  11 elephants
  5 black mambas
  5 torpor snails
  8 rime drakes
  An unseen horror (D:6)
  7 cane toads
  A gargoyle (D:12)
  An unseen horror (shapeshifter) (D:14)
  13 komodo dragons
  3 freezing wraiths
  9 demonic crawlers
  2 tengu conjurers (D:15)
  8 trolls
  19 jumping spiders
  A hornet (Spider:1)
  2 polar bears
  6 dream sheep
  5 slime creatures (D:15)
  3 blink frogs (Lair:4)
  4 shadows
  54 redbacks
  58 yaks
  19 tarantellas
  3 wyverns
  4 wraiths
  3 basilisks
  11 vampire mosquitoes
  3 wargs
  2 steam dragons
  2 acid dragons
  18 water moccasins
  An ice beast (D:8)
  35 orc warriors
  4 sky beasts
  A necrophage (D:7)
  A black bear (D:4)
  5 ogres
  5 wolves
  14 centaurs
  A kobold brigand (D:6)
  13 bullfrogs
  2 scorpions
  2 gnoll sergeants
  2 wyvern zombies (D:8)
  6 killer bees (D:9)
  4 wights (D:8)
  2 electric eels (D:14)
  2 howler monkeys
  3 bullfrog zombies
  17 orc priests
  2 centaur skeletons
  2 hounds (D:6)
  2 jellies
  2 iguanas
  22 orc wizards
  A scorpion zombie (D:5)
  2 polar bear simulacra (Lair:2)
  A killer bee zombie (D:6)
  4 wolf simulacra (Lair:2)
  A hound zombie (D:5)
  5 gnolls
  4 adders
  A shadow imp (D:8)
  2 white imps
  An ufetubus (D:6)
  3 dart slugs (D:1)
  103 orcs
  7 endoplasms
  3 giant cockroaches (D:4)
  9 goblins
  6 hobgoblins
  5 jackals
  13 kobolds
  3 quokkas
  8 ball pythons
  4 bats
  6 frilled lizards
  5 rats
  4 river rat simulacra (Lair:2)
811 creatures vanquished.

Vanquished Creatures (collateral kills)
  An orc warrior (D:9)
  3 orcs (D:9)
4 creatures vanquished.

Vanquished Creatures (others)
  A deep elf pyromancer (D:15)
  An orb spider (Spider:1)
  2 dancing weapons (D:9)
  An orc wizard (D:12)
  37 fungi
  32 plants
74 creatures vanquished.

Grand Total: 889 creatures vanquished

Notes
Turn   | Place    | Note
-------+----------+-------------------------------------------
     0 | D:1      | HAL9000 the Vine Stalker Brigand began the quest for the
                  | Orb.
     0 | D:1      | Reached XP level 1. HP: 11/11 MP: 2/2
   166 | D:1      | Found Jabberch's Armour Emporium.
   630 | D:1      | Reached XP level 2. HP: 12/15 MP: 3/3
   725 | D:1      | Found a faded altar of an unknown god.
   865 | D:1      | Reached XP level 3. HP: 18/18 MP: 4/4
  1406 | D:2      | Learned a level 2 spell: Ensorcelled Hibernation
  1462 | D:2      | Reached skill level 1 in Hexes
  1521 | D:2      | Gained mutation: Your natural rate of healing is unusually
                  | fast. [Vine Stalker growth]
  1521 | D:2      | Reached XP level 4. HP: 7/23 MP: 3/5
  2136 | D:3      | Found Dadghiune's General Store.
  2391 | D:3      | Found a broken altar of Ashenzari.
  2814 | D:4      | Reached skill level 1 in Spellcasting
  2814 | D:4      | Reached XP level 5. HP: 24/26 MP: 7/7
  2910 | D:4      | Learned a level 3 spell: Confusing Touch
  3109 | D:4      | Found a shimmering altar of Xom.
  3303 | D:4      | Noticed a black bear
  3322 | D:4      | Killed a black bear
  3323 | D:4      | Reached XP level 6. HP: 26/30 MP: 8/11
  3523 | D:4      | Reached XP level 7. HP: 34/34 MP: 13/13
  3881 | D:5      | Entered Level 5 of the Dungeon
  4102 | D:4      | Reached skill level 5 in Hexes
  4464 | D:5      | Reached skill level 5 in Spellcasting
  4480 | D:5      | Reached skill level 5 in Stealth
  4494 | D:5      | Gained mutation: You have razor-sharp teeth. [Vine Stalker
                  | growth]
  4494 | D:5      | Reached XP level 8. HP: 29/38 MP: 13/16
  4646 | D:5      | Found a shadowy altar of Dithmenos.
  4944 | D:6      | Reached skill level 6 in Stealth
  5043 | D:6      | Found a staircase to the Ecumenical Temple.
  5048 | D:6      | Noticed a yak
  5049 | D:6      | Noticed a yak
  5051 | D:6      | Noticed a yak
  5075 | D:5      | Killed a yak
  5076 | D:5      | Reached skill level 5 in Short Blades
  5124 | D:6      | Reached skill level 7 in Stealth
  5341 | D:6      | Reached XP level 9. HP: 12/42 MP: 1/17
  5476 | D:6      | Identified the +1 leather armour of Complete Protection
                  | {-Tele Str+2 Int+5}
  5612 | D:6      | Reached skill level 8 in Stealth
  5795 | D:6      | Found a radiant altar of Vehumet.
  5863 | Temple   | Entered the Ecumenical Temple
  5960 | Temple   | Became a worshipper of Uskayaw the Reveller
  6260 | D:1      | Bought a +0 helmet of see invisible for 161 gold pieces
  6393 | D:6      | Noticed an unseen horror
  6399 | D:5      | Reached * piety under Uskayaw
  6480 | D:6      | Reached ** piety under Uskayaw
  6482 | D:6      | Killed an unseen horror
  6483 | D:6      | Reached skill level 9 in Stealth
  6521 | D:6      | Reached *** piety under Uskayaw
  6655 | D:6      | Noticed a two-headed ogre
  6658 | D:6      | Killed a two-headed ogre
  6659 | D:6      | Reached skill level 11 in Stealth
  6670 | D:6      | Noticed a troll
  6672 | D:6      | Killed a troll
  6673 | D:6      | Reached XP level 10. HP: 46/46 MP: 18/18
  6829 | D:6      | Learned a level 3 spell: Tukima's Dance
  6939 | D:7      | Noticed Froggeryz's ghost (novice PaTm)
  6941 | D:7      | Reached skill level 1 in Shields
  7191 | D:7      | Found a runed translucent gate.
  7191 | D:7      | Found a runed translucent gate.
  7191 | D:7      | Found a runed translucent gate.
  7191 | D:7      | Noticed a manticore
  7498 | D:8      | Found Wiekajit's Antique Weapon Shoppe.
  7580 | D:8      | Learned a level 2 spell: Wereblood
  7890 | D:8      | Reached **** piety under Uskayaw
  8313 | D:9      | Found a runed translucent gate.
  8313 | D:9      | Found a runed translucent gate.
  8313 | D:9      | Found a runed translucent gate.
  8316 | D:9      | Noticed Delamore's ghost (novice FoFi)
  8337 | D:9      | Noticed a manticore
  8341 | D:9      | Killed a manticore
  8342 | D:9      | Reached skill level 12 in Stealth
  8675 | D:9      | Found a staircase to the Orcish Mines.
  8706 | D:9      | Reached XP level 11. HP: 51/51 MP: 12/19
  8934 | D:8      | Reached skill level 10 in Short Blades
  9078 | D:9      | Found a staircase to the Lair.
  9097 | D:9      | Noticed a two-headed ogre
  9105 | D:9      | Reached skill level 1 in Transmutations
  9136 | D:9      | Killed a two-headed ogre
  9376 | D:9      | Found Awotie's Antique Weapon Boutique.
  9487 | D:9      | Reached ***** piety under Uskayaw
  9753 | D:10     | Entered Level 10 of the Dungeon
  9776 | D:9      | Reached skill level 5 in Transmutations
  9818 | Lair:1   | Entered Level 1 of the Lair of Beasts
 10234 | Lair:1   | Noticed a boulder beetle
 10302 | Lair:1   | Killed a boulder beetle
 10332 | Lair:1   | Reached skill level 13 in Stealth
 10431 | Lair:1   | Found a hide-covered altar of Uskayaw.
 10431 | Lair:1   | Found an ornate altar of the Wu Jian Council.
 10860 | Lair:2   | Reached skill level 5 in Fighting
 11079 | Lair:2   | Reached XP level 12. HP: 52/60 MP: 13/20
 11130 | Lair:2   | Identified 3 scrolls of acquirement
 11186 | Lair:1   | Acquired a +2 pair of boots of flying
 11213 | Lair:1   | Acquired a book of Burglary
 11215 | Lair:1   | Acquired the +3 pair of gloves of Benevolence {rC+ Int+3
                  | Dex+4 SInv}
 11306 | Lair:2   | Reached skill level 14 in Stealth
 11397 | Lair:2   | Found a hole to the Spider Nest.
 11880 | Lair:2   | Reached skill level 15 in Stealth
 12107 | Lair:3   | Found a broken altar of Ashenzari.
 12139 | Lair:3   | Identified the +11 falchion "Tidey" {flame, *Rage +Blink
                  | rElec Str+9}
 12161 | Lair:3   | Noticed a four-headed hydra
 12305 | Lair:3   | Killed a four-headed hydra
 12356 | Lair:3   | Noticed an eight-headed hydra
 12389 | Lair:3   | Learned a level 3 spell: Swiftness
 12615 | Lair:3   | Found a staircase to the Shoals.
 12646 | Lair:3   | Reached skill level 1 in Air Magic
 12777 | Lair:3   | Identified the +5 kite shield of Nemelex Xobeh's Pride {rN+
                  | Str+2}
 12794 | Lair:3   | Noticed a six-headed hydra
 12799 | Lair:3   | Killed a six-headed hydra
 13283 | Lair:3   | Killed an eight-headed hydra
 13434 | Lair:4   | Reached skill level 5 in Shields
 13493 | Lair:4   | Learned a level 2 spell: Blink
 13716 | Lair:4   | Reached XP level 13. HP: 65/65 MP: 21/21
 14025 | Lair:4   | Found a dark tunnel.
 15491 | Lair:5   | Reached skill level 10 in Shields
 15717 | Lair:5   | Found a viscous altar of Jiyva.
 15718 | Lair:5   | Found a staircase to the Slime Pits.
 15925 | Lair:6   | Entered Level 6 of the Lair of Beasts
 16817 | Lair:5   | Reached XP level 14. HP: 36/70 MP: 9/22
 18567 | Lair:6   | Acquired the amulet "Nylehufot" {Reflect Rampage rF+ Dex+4
                  | SH+5 Stlth-}
 19066 | Lair:6   | Reached skill level 1 in Long Blades
 19634 | D:9      | Killed Delamore's ghost
 19736 | D:10     | Found a stormy altar of Qazlal.
 19736 | D:10     | Found a blossoming altar of Fedhas.
 19764 | D:10     | Noticed Joseph
 19773 | D:10     | Killed Joseph
 19848 | D:10     | Reached skill level 5 in Long Blades
 19903 | D:10     | Noticed Josephine
 19918 | D:10     | Killed Josephine
 20018 | D:10     | Found a sparkling altar of Nemelex Xobeh.
 21572 | D:12     | Reached XP level 15. HP: 73/73 MP: 23/23
 22080 | D:13     | Noticed Sonja
 22110 | D:13     | Killed Sonja
 22283 | D:13     | Noticed Kirke
 22297 | D:13     | Killed Kirke
 22625 | D:14     | Reached skill level 10 in Long Blades
 22647 | D:14     | Found a flagged portal.
 22654 | Bailey   | Entered a bailey
 22946 | D:14     | Acquired the amulet "Gilem" {Faith rPois Str+7}
 23156 | D:14     | Found a gate to the Vaults.
 23189 | D:14     | Reached ****** piety under Uskayaw
 23367 | D:14     | Found Aqydas's Antique Weapon Shop.
 23851 | Orc:1    | Entered Level 1 of the Orcish Mines
 24049 | Orc:2    | Entered Level 2 of the Orcish Mines
 24220 | Orc:2    | Found a staircase to the Elven Halls.
 24752 | Orc:2    | Found Imedu's Antique Armour Emporium.
 24778 | Orc:2    | Reached XP level 16. HP: 77/77 MP: 24/24
 24799 | Orc:2    | Found Qapasap's Antique Weapon Shop.
 25275 | Orc:2    | Gained mutation: You are clumsy. (Dex -2) [a neqoxec]
 25464 | Orc:2    | Found Dofal's Distillery.
 25465 | Orc:2    | Found Ziohy's Assorted Antiques.
 25894 | Orc:2    | Bought a crude plate armour for 1064 gold pieces
 25894 | Orc:2    | Identified the +0 plate armour "Plog" {SInv Stlth+} (You
                  | bought it in a shop on level 2 of the Orcish Mines)
 26073 | D:3      | Bought the +5 plate armour of the Wasteland {SInv} for 651
                  | gold pieces
 26073 | D:3      | Bought a scroll of teleportation for 33 gold pieces
 26363 | D:15     | Entered Level 15 of the Dungeon
 26418 | D:15     | Reached skill level 1 in Armour
 26533 | D:15     | Found a large runed translucent door.
 26533 | D:15     | Found a large runed translucent door.
 26533 | D:15     | Noticed Sunluic's ghost (journeyman DgFi)
 26656 | D:15     | Found a staircase to the Depths.
 26873 | D:15     | Reached skill level 5 in Armour
 27712 | D:15     | Killed Sunluic's ghost
 27897 | Lair:1   | Reached skill level 5 in Invocations
 27897 | Lair:1   | Reached XP level 17. HP: 81/81 MP: 25/25
 27934 | Spider:1 | Entered Level 1 of the Spider Nest
 28516 | Spider:1 | Reached skill level 5 in Throwing
 28571 | Spider:1 | Reached XP level 18. HP: 86/86 MP: 26/26
 29093 | Spider:2 | Noticed Louise
 29133 | Spider:2 | Killed Louise
 29156 | Spider:2 | Noticed Arachne
 29174 | Spider:2 | Killed Arachne
 29939 | Spider:2 | HP: 4/86 [entropy weaver (6)]
 29940 | Spider:2 | Succumbed to a redback's poison

Illustrated notes

Levels and vault maps discovered:
D:1:      ebering_trefoil_3fold, layout_rooms, ebering_ecumenical_altar_hall,
          serial_shops, shop, chequers_avenue, minmay_crystal_water,
          corexii_corridor_pit, chequers_serial_rivers_micro_b
D:2:      layout_loops_ring, minmay_pentomino_pile
D:3:      layout_rooms, evilmike_ruin_ashenzari, serial_shops, shop_fountains
D:4:      layout_gridville, nicolae_overflow_crystal_walls, minmay_quantized
D:5:      layout_rooms, general_overflow_altar
D:6:      minmay_cornered_nines, layout_cave_pools, fiery_altar_vehumet,
          minmay_temple_entry_arrows, serial_column_ruins,
          column_ruins_hut_ruined, column_ruins_corridor_straight,
          column_ruins_open_small, column_ruins_columns_straight,
          column_ruins_columns_straight, minmay_manual_mess
D:7:      layout_gridville, gammafunk_ghost_split, hangedman_decor_riveting,
          kennysheep_generic_room_13
D:8:      layout_basic, serial_shops, kennysheep_little_box
D:9:      layout_irregular_city, dpeg_oklobed_lair, david_orc_5,
          gammafunk_ghost_split, serial_shops, nicolae_shop_overgrown_old_shop
D:10:     layout_rooms, grunt_temple_overflow_forces_of_nature,
          nemelex_altar_shiori, uniq_joseph, uniq_josephine
D:11:     layout_layer_cave
D:12:     layout_long_grid, grunt_ministairs_13
D:13:     layout_gridville, uniq_kirke, uniq_sonja
D:14:     layout_roguey, lightli_vaults_fourway_checkpoint, enter_bailey_3,
          serial_shops, shop, serial_bayou, serial_bayou_pond_e,
          serial_bayou_pond_e, serial_bayou_shore_b, serial_bayou_ford_a
D:15:     hangedman_depths_entry_civil_slaughter, layout_small_grid,
          ebering_ghost_disaster_area, chequers_arboretum
Temple:   eino_wide_crystal_templ
Lair:1:   layout_regular_city, chequers_serial_rivers_micro_b,
          nzn_masters_of_martial_movement
Lair:2:   layout_long_grid, spider_nest_entry_web_field,
          small_statue_intersection, eino_house_with_fridge,
          serial_bayou_shore_b, grunt_megastairs_1
Lair:3:   layout_regular_city, minmay_shoals_entry_centaurs, basic_altar,
          columned_hall_lemuel, grunt_megastairs_4, lemuel_fruit_tree
Lair:4:   layout_loops_ring, nicolae_volcano_entry_s_turn,
          minmay_shattered_shrine
Lair:5:   layout_roguey, dpeg_slime_entry_enclosed_altar, st_stairs_11
Lair:6:   evilmike_catoblepas_cave, layout_hall_layers,
          nicolae_lair_grove_arrangements
Spider:1: layout_spider_delve
Spider:2: layout_spider_delve, uniq_louise, uniq_arachne
Orc:1:    layout_caves
Orc:2:    st_orc_elflike, layout_caves

Skill      XL: |  1  2  3  4  5  6  7  8  9 10 11 12 13 14 15 16 17 18 |
---------------+-------------------------------------------------------+-----
Short Blades   | 2 3 6 8 9 10 | 10.1
Hexes          | 1 2 3 4 5 |  5.4
Spellcasting   | 1 2 3 5 |  5.0
Stealth        | 5 7 11 12 13 15 | 15.6
Shields        | 4 6 11 13 | 13.1
Fighting       | 2 5 6 |  6.0
Transmutations | 5 |  5.0
Air Magic      | 4 |  4.5
Long Blades    | 7 12 13 | 13.1
Armour         | 7 |  7.4
Invocations    | 5 |  5.2
Throwing       | 6 9 |  9.6
Dodging        | |  0.7

Action                   |  1- 3 |  4- 6 |  7- 9 | 10-12 | 13-15 | 16-18 || total
-------------------------+-------+-------+-------+-------+-------+-------++-------
Melee: Dagger            |    95 |   147 |   272 |   759 |   972 |       ||  2245
       Bite              |    21 |    44 |   101 |   322 |  1047 |   455 ||  1990
       Demon blade       |       |       |       |       |   784 |   776 ||  1560
       Falchion          |       |       |       |       |     7 |     3 ||    10
Throw: Dart              |     5 |     8 |    36 |     2 |    45 |    12 ||   108
       Boomerang         |       |       |       |       |       |     4 ||     4
 Cast: Ensorcelled Hiber |       |     3 |    17 |    16 |     7 |       ||    43
       Confusing Touch   |       |       |    10 |    81 |    83 |       ||   174
       Tukima's Dance    |       |       |       |    12 |       |       ||    12
       Swiftness         |       |       |       |     1 |     2 |       ||     3
Invok: Line Pass         |       |       |       |       |     1 |       ||     1
Evoke: Wand              |       |       |       |     6 |     1 |       ||     7
       Condenser vane    |       |       |       |       |     1 |       ||     1
  Use: Scroll            |       |       |     5 |    11 |    17 |     7 ||    40
       Potion            |       |       |       |       |       |     3 ||     3
 Stab: Sleeping          |    10 |    10 |    14 |    28 |    35 |     4 ||   101
       Confused          |       |       |     5 |    60 |    69 |       ||   134
       Paralysed         |       |       |     1 |    16 |    63 |    56 ||   136
       Distracted        |       |       |       |     1 |     4 |     1 ||     6
       Petrified         |       |       |       |       |     2 |       ||     2
Armor: Robe              |    26 |    29 |    39 |       |       |       ||    94
       Leather armour    |       |       |    29 |       |       |       ||    29
       Troll leather arm |       |       |       |   148 |   231 |    11 ||   390
       Plate armour      |       |       |       |       |       |   313 ||   313
Dodge: Dodged            |    56 |    56 |   146 |   287 |   460 |   242 ||  1247
Block: Buckler           |       |       |       |   144 |   210 |       ||   354
       Kite shield       |       |       |       |       |   743 |   699 ||  1442
       Reflection        |       |       |       |       |    24 |       ||    24
       Rpst.: Demon blade |       |       |       |       |    53 |    42 ||    95

Table legend: (Time is in decaauts)
 A = Elapsed time spent in this place.
 B = Non-inter-level travel time spent in this place.
 C = Inter-level travel time spent in this place.
 D = Time resting spent in this place.
 E = Time spent auto-exploring this place.
 F = Levels seen in this place.
 G = Mean time per level.
                   A        B        C        D        E       F      G
               +--------+--------+--------+--------+--------+-----+--------+
         Total |  28645 |  25999 |   2646 |   3298 |  15249 |  27 | 1060.9 |
       Dungeon |  15190 |  13697 |   1493 |   1695 |   8636 |  15 | 1012.7 |
        Temple |    115 |     48 |     67 |      0 |     44 |   1 |  115.0 |
          Lair |   9624 |   8829 |    795 |   1234 |   4720 |   6 | 1604.0 |
   Spider Nest |   1433 |   1429 |      4 |     67 |    834 |   2 |  716.5 |
  Orcish Mines |   2022 |   1736 |    286 |    291 |    962 |   2 | 1011.0 |
        Bailey |    259 |    259 |      0 |     11 |     53 |   1 |  259.0 |
               +--------+--------+--------+--------+--------+-----+--------+

Top non-repeatable levels by time:
  Lair:5: 2231 daAuts
  Lair:6: 2218 daAuts
  Lair:2: 1782 daAuts
     D:4: 1471 daAuts
     D:9: 1448 daAuts
     D:1: 1403 daAuts
   Orc:2: 1383 daAuts
    D:15: 1335 daAuts
  Lair:4: 1247 daAuts
     D:6: 1245 daAuts
  Lair:1: 1172 daAuts
     D:5: 1086 daAuts
    D:11: 1074 daAuts
     D:8: 1051 daAuts
  Lair:3: 972 daAuts
